 Dungeon Crawl Stone Soup version 0.28-a0-1510-gd0f6b136d3 (webtiles) character file.

Game seed: 3913024688235385842

298 psuckher the Covered (level 6, 0/38 HPs)
             Began as a Gargoyle Fighter on Jan 14, 2022.
             Slain by a scorpion zombie (5 damage)
             ... in an ossuary.
             The game lasted 00:09:00 (1725 turns).

psuckher the Covered (Gargoyle Fighter)             Turns: 1725, Time: 00:09:01

Health: 0/38       AC: 11    Str: 22    XL:     6   Next: 36%
Magic:  6/6        EV:  9    Int: 14    God:
Gold:   71         SH:  4    Dex:  9    Spells: 5/5 levels left

rFire   . . .      SeeInvis .   a - +0 war axe
rCold   . . .      Faith    .   c - +0 buckler
rNeg    + . .      Spirit   .   b - +0 scale mail
rPois   ∞          Reflect  .   (no helmet)
rElec   +          Harm     .   (no cloak)
rCorr   .          Rampage  .   (no gloves)
Will    .....                   (no boots)
Stlth   ..........              (no amulet)
HPRegen 0.12/turn               h - +6 ring of intelligence
MPRegen 0.10/turn               (no ring)

@: no status effects
A: sickness immunity, AC +4, negative energy resistance 1, electricity
resistance, torment resistance 1, petrification resistance
a: no special abilities


You were in an ossuary.
You visited 1 branch of the dungeon, and saw 3 of its levels.
You also visited: Ossuary.

You collected 71 gold pieces.

Inventory:

Hand Weapons
 a - a +0 war axe (weapon)
Armour
 b - a +0 scale mail (worn)
 c - a +0 buckler (worn)
Jewellery
 h - a +6 ring of intelligence (left hand)
Scrolls
 e - a scroll of magic mapping {unknown}
Potions
 d - a potion of might
 f - a potion of brilliance {unknown}
 g - a potion of magic {unknown}


   Skills:
 + Level 4.2 Fighting
 + Level 4.2 Axes
 + Level 4.4 Armour
 + Level 0.8 Dodging
 + Level 0.2 Stealth
 + Level 4.0 Shields


You had 5 spell levels left.
You didn't know any spells.
Your spell library was empty.

Dungeon Overview and Level Annotations

Branches:
Dungeon (4/15)            Ossuary (1/1)
 Temple: D:4-7

Altars:


Innate Abilities, Weirdness & Mutations

You are immune to sickness and miasma.
Your stone body is resilient. (AC +4)
You are immune to poison.
You resist negative energy. (rN+)
You are resistant to electric shocks. (rElec)
You are resistant to unholy torment.
You are immune to petrification.


Message History

You hit the scorpion zombie.
The scorpion zombie is moderately damaged.
The scorpion zombie hits you.
* * * LOW HITPOINT WARNING * * *
You slash the scorpion zombie!
The scorpion zombie is severely damaged.
The scorpion zombie hits you but does no damage. x2
You slash the scorpion zombie!
You destroy the scorpion zombie!
Your Shields skill increases to level 4!
You open the door.
Found five items.
Found a scroll labelled AVAPTA QAHA and a murky green potion.
There is an open door here.
You open the door.
A gnoll zombie comes into view. 2 scorpion zombies come into view.
There is an open door here.
A scorpion comes into view.
The scorpion zombie hits you.
* * * LOW HITPOINT WARNING * * *
You barely miss the gnoll zombie. You barely miss the scorpion zombie.
The scorpion zombie hits you.
* * * LOW HITPOINT WARNING * * *
The gnoll zombie barely misses you.
You slash the gnoll zombie!
You destroy the gnoll zombie!
You slash the scorpion zombie!
The scorpion zombie hits you but does no damage.
The scorpion zombie closely misses you.
You slash the scorpion!
The scorpion is severely wounded.
You hit the scorpion zombie. The scorpion barely misses you.
The scorpion zombie hits you but does no damage.
The scorpion closely misses you.
You closely miss the scorpion.
The scorpion is severely wounded.
You barely miss the scorpion zombie. You hit the scorpion zombie.
The scorpion zombie hits you.
You die...

#...8...#
#.......#
##8...8##
#.......#
#...8...#
#...#...#
##'###### +##
#...#...#...#
#...'..@8...#
#...#.ZsZ...#
######8...8##
#?!M#.......#
#!.!#...8...#
#!?.#...#...#
##+##########


You could see a scorpion and 2 scorpion zombies.

Vanquished Creatures
  A scorpion (D:4)
  A centaur zombie (D:4)
  A bullfrog skeleton (D:4)
  Ijyb (D:4)
  An iguana (D:4)
  A scorpion zombie (Ossuary)
  2 hound skeletons (D:4)
  A gnoll (D:1)
  2 adders (D:2)
  4 dart slugs
  2 orcs (D:4)
  A bat (D:1)
  4 endoplasms
  3 giant cockroaches
  A goblin (D:4)
  3 jackals (D:1)
  A quokka (D:4)
  5 ball pythons
  4 frilled lizards
  A gnoll zombie (Ossuary)
  A goblin zombie (Ossuary)
  2 kobolds (D:1)
  4 rats
47 creatures vanquished.

Notes
Turn   | Place    | Note
-------+----------+-------------------------------------------
     0 | D:1      | psuckher the Gargoyle Fighter began the quest for the Orb.
     0 | D:1      | Reached XP level 1. HP: 14/14 MP: 1/1
   102 | D:1      | Reached XP level 2. HP: 19/19 MP: 2/2
   493 | D:1      | Reached XP level 3. HP: 23/23 MP: 3/3
  1336 | D:2      | Reached XP level 4. HP: 23/29 MP: 4/4
  1371 | D:2      | You fall into a shaft and drop 2 floors!
  1428 | D:4      | Noticed a scorpion
  1440 | D:4      | Killed a scorpion
  1441 | D:4      | Reached XP level 5. HP: 11/33 MP: 5/5
  1617 | D:4      | Noticed Ijyb
  1640 | D:4      | Killed Ijyb
  1641 | D:4      | Reached XP level 6. HP: 18/38 MP: 6/6
  1677 | D:4      | Found a sand-covered staircase.
  1683 | Ossuary  | Entered an ossuary
  1725 | Ossuary  | Slain by a scorpion zombie

Illustrated notes

Levels and vault maps discovered:
D:1:      roderic_octagonal_star, layout_loops_ring, minmay_misc_feat_cross
D:2:      layout_loops_ring, shapermc_ecumenical_altar_ellora, uniq_natasha
D:4:      layout_basic, nicolae_ossuary_entry_plus, uniq_duvessa, uniq_ijyb
Ossuary:  ossuary_minmay_scorpions

Skill      XL: |  1  2  3  4  5  6 |
---------------+-------------------+-----
Axes           | 2 3 4 |  4.2
Armour         | 4 |  4.4
Fighting       | 4 |  4.2
Shields        | 4 |  4.0
Dodging        | |  0.8
Stealth        | |  0.2

Action                   |  1- 3 |  4- 6 || total
-------------------------+-------+-------++-------
Melee: War axe           |    82 |    68 ||   150
  Use: Scroll            |       |     2 ||     2
       Potion            |       |     2 ||     2
Armor: Scale mail        |    50 |    76 ||   126
Dodge: Dodged            |    47 |    53 ||   100
Block: Buckler           |    19 |    11 ||    30

Table legend: (Time is in decaauts)
 A = Elapsed time spent in this place.
 B = Non-inter-level travel time spent in this place.
 C = Inter-level travel time spent in this place.
 D = Time resting spent in this place.
 E = Time spent auto-exploring this place.
 F = Levels seen in this place.
 G = Mean time per level.
                   A        B        C        D        E       F      G
               +--------+--------+--------+--------+--------+-----+--------+
         Total |   1786 |   1439 |    347 |      0 |      0 |   4 |  446.5 |
       Dungeon |   1741 |   1394 |    347 |      0 |      0 |   3 |  580.3 |
       Ossuary |     45 |     45 |      0 |      0 |      0 |   1 |   45.0 |
               +--------+--------+--------+--------+--------+-----+--------+

Top non-repeatable levels by time:
     D:1: 1235 daAuts
     D:4: 331 daAuts
     D:2: 174 daAuts
 Ossuary: 45 daAuts
